 Dungeon Crawl Stone Soup version 0.20.1-1-g8b1a95d (webtiles) character file.

77 rabbitfr the Cutter (level 4, -1/23 HPs)
             Began as a Vine Stalker Berserker on Dec 8, 2017.
             Was a Believer of Trog.
             Killed from afar by Kingsmith's ghost (4 damage)
             ... with a magic dart
             ... in a sewer.
             The game lasted 00:20:23 (3187 turns).

rabbitfr the Cutter (Vine Stalker Berserker)        Turns: 3187, Time: 00:20:24

Health: -1/23      AC:  8    Str: 20    XL:     4   Next: 34%
Magic:  0/5        EV: 11    Int:  7    God:    Trog [**....]
Gold:   75         SH:  0    Dex: 14    Spells: 3/3 levels left

rFire    . . .     SeeInvis .   d - +1 dagger (flame)
rCold    . . .     Gourm    .   (no shield)
rNeg     . . .     Faith    .   p - +0 ring mail
rPois    .         Spirit   +   (no helmet)
rElec    .         Reflect  .   (no cloak)
rCorr    .         Harm     .   r - +0 pair of gloves
MR       .....                  t - +1 pair of boots
Stlth    ..........             (no amulet)
Regen    0.5/turn               (no ring)
MPRegen  0.1/turn               (no ring)

@: confused
A: fangs 2, regeneration 1, magic shield, antimagic bite, no potion heal 3, rot
immunity
a: Berserk, Trog's Hand, Burn Spellbooks, Renounce Religion


You were in a sewer.
You worshipped Trog.
Trog was pleased with you.
You were not hungry.

You visited 1 branch of the dungeon, and saw 3 of its levels.
You also visited: Sewer.

You collected 75 gold pieces.

Inventory:

Hand Weapons
 a - a +0 short sword
 d - a +1 dagger of flaming (weapon)
Armour
 b - a +0 animal skin
 p - a +0 ring mail (worn)
 r - a +0 pair of gloves (worn)
 t - a +1 pair of boots (worn)
Jewellery
 k - an uncursed ring of wizardry
 u - a cursed ring of loudness {unknown}
Scrolls
 j - 2 scrolls of remove curse {unknown}
 l - 2 scrolls of recharging {unknown}
 o - 4 scrolls of identify {unknown}
 v - a scroll of enchant armour {unknown}
 w - a scroll of fear {unknown}
 x - a scroll of enchant weapon {unknown}
 y - a scroll of fog {unknown}
Potions
 e - 2 potions of haste
 h - a potion of flight {unknown}
 i - 2 potions of might {unknown}
 n - a potion of cancellation {unknown}
 q - 2 potions of heal wounds
 s - a potion of invisibility {unknown}
 z - a potion of curing {unknown}
Comestibles
 c - 5 bread rations
 f - 2 royal jellies
 g - 2 meat rations
 m - 4 fruits


   Skills:
 - Level 2.6 Fighting
 + Level 4.4 Short Blades
 - Level 1.5 Armour
 - Level 1.5 Dodging
 + Level 1.3 Stealth


You had 3 spell levels left.
You didn't know any spells.

Dungeon Overview and Level Annotations

Branches:
Dungeon (3/15)

Altars:
Nemelex Xobeh

Annotations:
Sewer Kingsmith's ghost, amateur DEWz; Purgy


Innate Abilities, Weirdness & Mutations

You have extremely sharp teeth.
Your natural rate of healing is unusually fast.
When hurt, damage is shared between your health and your magic reserves.
Your bite disrupts and absorbs the magic of your enemies.
Potions cannot restore your health.
You are immune to rotting.


Message History

Kingsmith's ghost hits you but does no damage.
You nearly stumble into some deep water!
You are engulfed in noxious fumes.
You choke on the stench!
You are more confused.
The white imp barely misses you. Kingsmith's ghost hits you.
* * * LOW HITPOINT WARNING * * *
You're too confused to move!
The white imp lashes its tail.
The white imp hits you but does no damage.
Kingsmith's ghost hits you but does no damage.
Purgy the Meek comes into view.
You bump into the rock wall.
Purgy shouts!
The crimson imp disappears in a puff of smoke!
The white imp gestures at you. The puff of frost hits you!
* * * LOW HITPOINT WARNING * * *
Kingsmith's ghost gestures at you while chanting.
The magic dart hits you!
You die...

≈##≈≈≈≈≈≈≈≈≈≈≈≈≈≈≈#
##≈≈≈≈≈≈≈≈≈≈≈≈≈≈≈≈≈≈≈≈
##≈≈≈≈≈≈≈≈≈≈≈≈≈≈≈≈≈≈≈≈≈
#≈≈≈≈≈≈≈≈≈≈≈≈≈≈≈≈≈≈≈≈≈≈≈≈
≈≈≈≈≈≈≈≈≈≈≈≈≈≈≈≈≈≈≈≈≈≈≈≈≈
≈≈≈≈≈≈≈≈≈≈≈≈≈≈≈≈≈≈≈≈≈≈≈≈≈
≈≈≈≈≈≈≈≈≈≈≈≈≈.≈≈≈≈≈≈≈≈≈≈≈
≈≈≈≈≈≈≈W≈≈..##.≈≈≈≈≈≈≈≈≈≈
≈≈≈≈≈≈§5@.#####.≈≈≈≈≈≈≈≈≈
≈≈≈≈≈≈≈#### #.≈≈≈≈≈≈≈≈≈≈
≈≈≈≈≈.# ###≈.≈≈≈≈≈≈≈
≈≈≈.## ###≈≈≈≈≈≈≈ ≈≈T
#≈≈≈≈≈≈≈ ≈. #.#≈≈≈≈≈ ≈
####≈≈≈≈ #..≈≈≈≈ ##∩≈≈≈≈≈


You could see Purgy, Kingsmith's ghost and a white imp.

Vanquished Creatures
  2 adders (D:2)
  2 dart slugs (D:2)
  2 ball pythons
  A giant cockroach (D:3)
  5 goblins
  8 hobgoblins
  5 jackals (D:1)
  7 bats
  9 frilled lizards
  5 kobolds
  8 rats
54 creatures vanquished.

Vanquished Creatures (others)
  A plant (D:1)
1 creature vanquished.

Grand Total: 55 creatures vanquished

Notes
Turn   | Place    | Note
-------+----------+-------------------------------------------
     0 | D:1      | rabbitfr the Vine Stalker Berserker began the quest for the Orb.
     0 | D:1      | Reached XP level 1. HP: 11/11 MP: 2/2
   445 | D:1      | Reached skill level 3 in Short Blades
   451 | D:1      | Reached XP level 2. HP: 2/16 MP: 0/3
  1281 | D:1      | Reached XP level 3. HP: 15/19 MP: 4/4
  1468 | D:1      | Reached ** piety under Trog
  2249 | D:2      | Reached skill level 4 in Short Blades
  2299 | D:2      | Reached skill level 1 in Stealth
  2388 | D:2      | Gained mutation: Your natural rate of healing is unusually fast. [Vine Stalker growth]
  2388 | D:2      | Reached XP level 4. HP: 20/23 MP: 5/5
  2520 | D:2      | Found a sparkling altar of Nemelex Xobeh.
  3060 | D:3      | Found a glowing drain.
  3080 | Sewer    | Entered a sewer
  3125 | Sewer    | Noticed Kingsmith's ghost (amateur DEWz)
  3187 | Sewer    | Noticed Purgy
  3187 | Sewer    | Killed from afar by Kingsmith's ghost

Skill      XL: |  1  2  3 |
---------------+----------+-----
Short Blades   | 3 4 |  4.4
Stealth        | 1 |  1.3
Fighting       | |  2.6
Armour         | |  1.5
Dodging        | |  1.5

Action                   |  1- 3 |  4- 6 || total
-------------------------+-------+-------++-------
Melee: Short sword       |    31 |       ||    31
       Bite              |    29 |    15 ||    44
       Dagger            |    83 |    68 ||   151
  Use: Potion            |       |     1 ||     1
  Eat: Chunk             |     5 |     2 ||     7
Armor: Animal skin       |    17 |       ||    17
       Ring mail         |     7 |    29 ||    36
Dodge: Dodged            |    61 |    44 ||   105
